 Dungeon Crawl Stone Soup version 0.18.1-48-g4cf74bf (webtiles) character file.

36 Charly the Insei (level 3, 0/40 HPs)
             Began as a Human Skald on Aug 28, 2016.
             Slain by a bat (1 damage)
             ... on level 3 of the Dungeon.
             The game lasted 00:06:11 (464 turns).

Charly the Insei (Human Skald)                       Turns: 464, Time: 00:06:11

Health: 0/40       AC:  0    Str: 17    XL:     3   Next: 57%
Magic:  4/6        EV: 11    Int: 13    God:
Gold:   36         SH:  0    Dex: 12    Spells: 3 memorised, 0 levels left

rFire  . . .     SeeInvis .       - Unarmed
rCold  . . .     Gourm    .     (no armour)
rNeg   . . .     Faith    .     (no shield)
rPois  .         Spirit   .     (no helmet)
rElec  .         Dismiss  .     (no cloak)
rCorr  .         Reflect  .     (no gloves)
SustAt .         Harm     .     (no boots)
MR     .....                    (no amulet)
Stlth  ..........               (no ring)
                                (no ring)

@: berserking, very quick, not resistant to hostile enchantments, extremely
unstealthy
A: no striking features
a: no special abilities


You were on level 3 of the Dungeon.
You were not hungry.

You visited 1 branch of the dungeon, and saw 4 of its levels.

You collected 36 gold pieces.

Inventory:

Hand Weapons
 e - a +0 vampiric dagger
Armour
 a - a +0 leather armour
Scrolls
 d - a scroll of enchant armour {unknown}
 h - a scroll of magic mapping {unknown}
Potions
 f - a potion of degeneration {unknown}
 i - a potion of berserk rage
Books
 b - a book of Battle

   Spells                             Type                      Level
   a - Infusion                       Charms                       1
   b - Shroud of Golubria             Charms/Translocation         2
   c - Song of Slaying                Charms                       2
   d - Spectral Weapon                Hexes/Charms                 3
   e - Regeneration                   Charms/Necromancy            3
Comestibles
 c - a bread ration
 g - a meat ration


   Skills:
 - Level 2.0 Fighting
 - Level 1.0 Armour
 - Level 1.0 Dodging
 + Level 3.7 Unarmed Combat
 - Level 2.0 Spellcasting
 - Level 3.0 Charms


You couldn't memorise any spells.
You knew the following spells:

 Your Spells              Type           Power        Failure   Level  Hunger
g - Shroud of Golubria    Chrm/Tloc      #.........   21%         2    ###....
i - Infusion              Chrm           #...         10%         1    ##.....
r - Regeneration          Chrm/Necr      #.........   38%         3    ####...


Dungeon Overview and Level Annotations

Branches:
Dungeon (4/15)
 Temple: D:4-7

Altars:


Message History

The goblin hits you with a club.
* * * LOW HITPOINT WARNING * * *
You are no longer magically infusing your attacks.
The bat closely misses you. x2
The bat closely misses you. The bat hits you.
* * * LOW HITPOINT WARNING * * *
The bat hits you.
* * * LOW HITPOINT WARNING * * *
The bat closely misses you. The bat hits you.
* * * LOW HITPOINT WARNING * * *
The bat barely misses you. The bat closely misses you. The bat hits you.
* * * LOW HITPOINT WARNING * * *
Drink which item? (? for menu, Esc to quit)
It was a potion of berserk rage.
A red film seems to cover your vision as you go berserk!
You feel yourself moving faster!
You feel mighty! The bat hits you.
You die...

#.##..## #... #......# #######
#...###### #..##..####.....####
#.......#. #...................
.........
#..##..####.....##########.......
#.>..............g...............
.............###b......†...#<....
#.####.......# #b#########.##....
.............. #@# ..##
.†..##...#.###.#.# .##
....##...#.# .#.# .# ....##.....#
#.# ## #.####. ... #<# #.# #.#
#.# ..# #.# ########## #.#
#.....#


You could see a goblin and 2 bats.

Vanquished Creatures
  A gnoll (D:3)
  An adder (D:3)
  An ooze (D:1)
  3 orcs
  A hobgoblin (D:2)
  5 bats
  A rat (D:1)
13 creatures vanquished.

Notes
Turn   | Place    | Note
--------------------------------------------------------------
     0 | D:1      | Charly the Human Skald began the quest for the Orb.
     0 | D:1      | Reached XP level 1. HP: 16/16 MP: 3/3
    99 | D:1      | Reached XP level 2. HP: 15/22 MP: 0/5
   222 | D:3      | Reached XP level 3. HP: 3/27 MP: 4/6
   233 | D:3      | Learned a level 3 spell: Regeneration
   242 | D:3      | Learned a level 2 spell: Shroud of Golubria
   463 | D:3      | HP: 1/27 [bat (1)]
   464 | D:3      | Slain by a bat

Skill      XL: |  1  2 |
---------------+-------+-----
Unarmed Combat | 3 |  3.7
Fighting       | |  2.0
Armour         | |  1.0
Dodging        | |  1.0
Spellcasting   | |  2.0
Charms         | |  3.0

Action                   || total
-------------------------++-------
Melee: Unarmed           ||    67
       Punch             ||     1
 Cast: Infusion          ||     8
       Regeneration      ||     2
       Shroud of Golubri ||     1
  Use: Potion            ||     2
 Stab: Invisible         ||     3
  Eat: Fruit             ||     2
Armor: Leather armour    ||     6
Dodge: Dodged            ||    45
